Map: Lost and Found LE

Players

Rail - Winner!

  • Race: Protoss Protoss
  • Spawn Location: 7:00

JackO

  • Race: Protoss Protoss
  • Spawn Location: 1:00

Event: WCS Valencia 2018

VOD

Have the link to the VOD?

Description

Time

  • Played on: July 12, 2018, 6:20 a.m.
  • Length: 5:59

All games in this series

Show
View Real Time Build Order
Export as new Build Order

Rail Protoss - Winner!

Build Orders: Blink Stalkers 

Get SALT Encoding   

  12  0:00  Probe  
  13  0:12  Probe  
  14  0:18  Pylon  
  14  0:24  Probe  
  15  0:32  Probe  
  15  0:37  Gateway  
  15  0:40  Probe  
  16  0:48  Assimilator  
  17  0:51  Probe  
  17  0:54  Assimilator  
  18  1:03  Probe  
  19  1:05  Forge  
  19  1:13  Pylon  
  19  1:20  Probe  
  19  1:24  Zealot  
  22  1:38  Photon Cannon  
  22  1:49  Photon Cannon  
  23  1:58  Pylon  
  22  2:20  Probe  
  22  2:22  Cybernetics Core  
  23  2:24  Gateway  
  23  2:26  Assimilator  
  23  2:32  Probe  
  23  2:35  Gateway  
  24  2:45  Probe  
  24  2:50  Pylon  
  25  2:52  Warp Gate  
  25  3:01  Probe  
  26  3:08  Twilight Council  
  26  3:16  Stalker  
  26  3:18  Blink  
  26  3:19  Probe  
  29  3:24  Gateway  
  29  3:30  Pylon  
  29  3:31  Probe  
  30  3:43  Probe  
  31  3:53  Stalker  
  33  3:59  Shield Battery  
  33  4:02  Stalker  
  35  4:14  Stalker  
  35  4:15  Shield Battery  
  35  4:31  Stalker  
  35  4:36  Stalker  
  37  4:41  Shield Battery, Pylon  
  37  4:55  Stalker  
  37  5:09  Pylon  
  37  5:11  Stalker  
  37  5:16  Stalker  
  37  5:18  Stalker  
  41  5:22  Shield Battery  
  41  5:35  Stalker  
  43  5:43  Stalker  
  43  5:46  Stalker  
Show
View Real Time Build Order
Export as new Build Order

JackO Protoss 

Build Orders: Cannon Rush 

Get SALT Encoding   

  12  0:00  Probe  
  13  0:12  Probe  
  14  0:17  Pylon  
  14  0:24  Probe  
  15  0:37  Forge  
  15  0:39  Probe  
  16  0:58  Pylon  
  16  0:59  Probe  
  17  1:17  Photon Cannon  
  17  1:19  Photon Cannon  
  17  1:28  Probe  
  17  1:30  Pylon  
  17  1:43  Probe  
  18  1:51  Gateway  
  18  1:54  Photon Cannon  
  18  1:58  Pylon  
  18  2:05  Probe  
  18  2:11  Assimilator  
  18  2:15  Assimilator  
  18  2:23  Probe  
  19  2:31  Probe  
  20  2:39  Probe  
  20  2:42  Cybernetics Core  
  21  2:49  Probe  
  21  2:51  Gateway  
  21  2:56  Gateway  
  22  3:01  Probe  
  23  3:10  Stalker  
  23  3:11  Pylon  
  23  3:13  Probe  
  25  3:21  Warp Gate  
  25  3:36  Stalker  
  25  3:38  Stalker  
  27  3:41  Stalker  
  27  3:42  Pylon  
  31  3:55  Shield Battery  
  31  4:07  Shield Battery x2  
  31  4:15  Stalker  
  33  4:23  Stalker  
  33  4:35  Stalker  
  35  4:45  Stalker  
  35  5:00  Shield Battery  
  35  5:06  Stalker  
  37  5:21  Pylon  
  37  5:25  Stalker x2  
  29  5:48  Stalker x3  
Tags
 
Add a new tag
Caveats
  • Supply blocks, unpowered buildings, or Contaminate may cause inaccurate times.
  • Supply counts are checked every 10 seconds.